 Dungeon Crawl Stone Soup version 0.20-a0-494-gf50ee04 (webtiles) character file.

244641 terra52 the Geomancer (level 19, -3/113 HPs)
             Began as a Gargoyle Earth Elementalist on Jan 17, 2017.
             Was the Champion of Okawaru.
             Splashed by an acid blob's acid (5 damage)
             ... on level 2 of the Pits of Slime on Jan 18, 2017.
             The game lasted 05:57:18 (44396 turns).

terra52 the Geomancer (GrEE)                       Turns: 44396, Time: 05:57:19

Health: -3/113     AC: 21    Str: 17    XL:     19   Next: 45%
Magic:  0/35       EV: 21    Int: 22    God:    Okawaru [******]
Gold:   520        SH:  0    Dex: 11    Spells: 2/42 levels left

rFire    . . .     SeeInvis .   i - +8 frozen axe "Frostbite" {freezing cloud, *Noise +Fly rC+}
rCold    + + .     Gourm    .   Z - +4 troll leather armour
rNeg     + . .     Faith    .   (shield currently unavailable)
rPois    ∞         Spirit   +   O - +2 hat {Spirit}
rElec    +         Reflect  .   a - +0 cloak "Fioqav" {+Inv rC+ Str+3 Dex-2}
rCorr    +         Harm     .   W - +2 pair of gloves {Dex+3}
MR       +....     Rnd*Tele +   h - +2 pair of boots
Stlth    +.........             E - amulet of regeneration
Regen    0.6/turn               R - ring of resist corrosion
                                t - +3 ring of evasion

@: confused, corroded, flying
A: big wings, hooves 1, horns 1, repulsion field 1, blurry vision 1, negative
energy resistance 1, electricity resistance, slow regeneration 1, teleportitis
1, unbreathing, petrification resistance, rot immunity, AC +13
}: 2/15 runes: serpentine, barnacled
a: Stop Flying, Heroism, Finesse, Renounce Religion, Evoke Invisibility


You were on level 2 of the Pits of Slime.
You worshipped Okawaru.
Okawaru was exalted by your worship.
You were hungry.

You visited 10 branches of the dungeon, and saw 37 of its levels.
You also visited: Labyrinth, Sewer, Bailey and Ice Cave.

You collected 4970 gold pieces.
You spent 4450 gold pieces at shops.

Inventory:

Hand Weapons
 f - the +10 dark maul {crush}
   (Okawaru gifted it to you on level 4 of the Shoals)

   It inflicts extra damage upon your enemies.
 i - the +8 frozen axe "Frostbite" (weapon) {freezing cloud, *Noise +Fly rC+}
   (You found it in a labyrinth)

   It has been specially enchanted to freeze those struck by it, causing extra
   injury to most foes and up to half again as much damage against particularly
   susceptible opponents.
   It can also slow down cold-blooded creatures.
   It protects you from cold.
   It lets you fly.
   It may make noises in combat.
 k - the +8 fustibalus "Difyum" {flame, rC+}
   (Okawaru gifted it to you on level 1 of the Snake Pit)

   It causes projectiles fired from it to burn those they strike, causing extra
   injury to most foes and up to half again as much damage against particularly
   susceptible opponents.
   It protects you from cold.
 y - the +6 rapier "Irea" {pierce, *Slow MR++}
   (You bought it in a shop on level 2 of the Orcish Mines)

   It inflicts extra damage upon your enemies.
   It affects your resistance to hostile enchantments.
   It may slow you when you take damage.
 V - a +6 great sword of flaming
Missiles
 b - 763 stones (quivered)
 H - 153 sling bullets
Armour
 a - the +0 cloak "Fioqav" (worn) {+Inv rC+ Str+3 Dex-2}
   (You bought it in a shop on level 2 of the Orcish Mines)

   It affects your strength (+3).
   It affects your dexterity (-2).
   It protects you from cold.
   It lets you turn invisible.
 h - a +2 pair of boots (worn)
 O - a +2 hat of spirit shield (worn)
 W - a +2 pair of gloves of dexterity (worn)
 Z - a +4 troll leather armour (worn)
Magical Staves
 x - an uncursed staff of earth
Jewellery
 t - a +3 ring of evasion (left hand)
 E - an amulet of regeneration (around neck)
 N - a +3 ring of evasion
 R - a ring of resist corrosion (right hand)
Wands
 g - a wand of disintegration (18/24)
 j - a wand of confusion (21/48)
 n - a wand of acid (3/15)
 o - a wand of scattershot (6/9)
 J - a wand of iceblast (13/15)
Scrolls
 m - 7 scrolls of teleportation
 s - 4 scrolls of fear
 u - a scroll of recharging
 v - 10 scrolls of remove curse
 S - a scroll of amnesia
 U - 6 scrolls of blinking
 X - 5 scrolls of identify
Potions
 l - 8 potions of brilliance
 q - 21 potions of curing
 r - 5 potions of might
 A - a potion of haste
 D - 6 potions of heal wounds
 F - 2 potions of magic
 K - 2 potions of ambrosia
 Q - a potion of resistance
Miscellaneous
 c - a fan of gales
 e - a lightning rod (4/4)
 B - a lamp of fire
 C - 2 boxes of beasts
 G - a phantom mirror
 M - a sack of spiders
Comestibles
 d - 18 bread rations
 w - 3 fruits
 I - 9 meat rations


   Skills:
 - Level 10.7 Fighting
 - Level 10.9 Long Blades
 - Level 7.6 Axes
 - Level 1.1(5.3) Maces & Flails
 - Level 3.1(3.4) Slings
   Level 2.2 Crossbows
 - Level 2.0(2.9) Throwing
 - Level 7.7 Armour
 - Level 9.2 Dodging
 - Level 8.8 Stealth
 - Level 12.1 Spellcasting
 + Level 9.3 Conjurations
 - Level 4.6 Charms
 - Level 7.8 Summonings
 - Level 4.1 Necromancy
 - Level 2.1 Transmutations
 - Level 11.0 Ice Magic
 + Level 8.0 Air Magic
 - Level 12.9 Earth Magic
 - Level 5.5 Invocations
 - Level 2.2 Evocations


You had 2 spell levels left.
You knew the following spells:

 Your Spells              Type           Power        Failure   Level  Hunger
a - Sandblast             Erth           ######       1%          1    None
b - Stone Arrow           Conj/Erth      ######       1%          3    None
c - Lee's Rapid Deconstr  Erth           ######....   1%          5    ####...
d - Petrify               Tmut/Erth      #####...     2%          4    None
e - Passwall              Tmut/Erth      #####.....   1%          2    None
f - Call Canine Familiar  Summ           #####...     1%          3    None
g - Ozocubu's Armour      Chrm/Ice       #####...     1%          3    None
h - Summon Ice Beast      Ice/Summ       ######..     1%          4    None
i - Dispel Undead         Necr           ####....     30%         5    ####...
j - Freezing Cloud        Conj/Ice/Air   ######....   17%         6    #####..
k - Animate Dead          Necr           N/A          12%         4    None


Dungeon Overview and Level Annotations

Branches:
Dungeon (15/15)            Temple (1/1) D:4            Lair (6/6) D:8
 Shoals (4/4) Lair:2        Snake (4/4) Lair:3        Slime (2/5) Lair:5
    Orc (2/2) D:10            Elf (1/3) Orc:2        Vaults (1/5) D:13
 Depths (1/5) D:15

Altars:
Ashenzari
Cheibriados
Dithmenos
Elyvilon
Fedhas
Gozag
Hepliaklqana
Kikubaaqudgha
Makhleb
Nemelex Xobeh
Okawaru
Qazlal
Ru
Sif Muna
Trog
Uskayaw
Vehumet
Xom
Yredelemnul
Zin
The Shining One
Beogh
Jiyva

Shops:
D:6 !   D:7 [   D:9 %   D:15 %   Orc:1 ?   Orc:2 =*([   Shoals:2 [   Snake:1 (
Snake:2 [}}   Snake:4 *

Annotations:
D:3 ninjaorigami's ghost, amateur TeAE
Lair:6 exclusion: 3 oklob plants
Shoals:4 Ilsuiw


Innate Abilities, Weirdness & Mutations

You are resistant to torment.
Your stone body is resilient. (AC +13)
You are immune to poison.
Your large and strong wings let you fly indefinitely.
You resist negative energy. (rN+)
You are resistant to electric shocks. (rElec)
You can survive without breathing.
You are immune to petrification.
You are immune to rotting.
You have large cloven feet.
You have a pair of small horns on your head.
You are surrounded by a mild repulsion field. (EV +2)
Scrolls take you a little longer to read.
You regenerate slowly when monsters are visible.
You are occasionally teleported next to monsters.


Message History

The golden eye blinks at you.
You are more confused.
The acid blob hits you!!
* * * LOW HITPOINT WARNING * * *
You are splashed with acid!
The acid burns!
You resist.
* * * LOW HITPOINT WARNING * * *
The golden eye blinks at you. You resist with some effort.
You slash the acid blob! You freeze the acid blob.
Your hands burn!
* * * LOW HITPOINT WARNING * * *
You hear shards of ice tinkling.
The acid blob is heavily wounded.
You closely miss the golden eye.
You hit the eye of devastation but do no damage.
The acid blob hits you but does no damage.
The eye of devastation is engulfed in freezing vapours.
The acid blob spits acid at you. The splash of acid hits you!
You are splashed with acid!
The acid burns!
You resist.
You die...

.####.##.##
...#......#
....#.#...###
.....#......##
.............#
.........#..#
#.........# ##
##....G.<..###.##
#.....J@....#...##
.......>.G........#
........G........##
.................#
..................G#
...........#........
.....#.#............
...###....#....##..
...........# #


You could see an acid blob, an eye of devastation and 2 golden eyes.

Vanquished Creatures
  Jorgrun (Shoals:3)
  Rupert (Orc:2)
  2 acid blobs (Slime:1)
  Polyphemus (Shoals:2)
  2 krakens
  A sphinx (Vaults:1)
  2 azure jellies (Slime:1)
  7 nagarajas (Snake:4)
  A frost giant (IceCv)
  The ghost of Shayle the Fighter, an adept GrGl of the Shining One (Shoals:2)
  4 merfolk javelineers (Shoals:4)
  Snorg (Lair:5)
  A minotaur (Lab)
  The ghost of Nublet the Convoker, a journeyman BaSu of Sif Muna (Lair:3)
  3 merfolk impalers (Shoals:4)
  A fire dragon (D:13)
  Fannar (D:11)
  A merfolk avatar (Shoals:4)
  10 naga warriors
  A vault guard (D:13)
  2 catoblepae
  Harold (Lair:3)
  5 hydras
  6 centaur warriors
  Erica (D:11)
  A merfolk aquamancer (Shoals:4)
  12 anacondas
  3 alligator snapping turtles
  14 death yaks
  2 tengu warriors (D:15)
  An ogre mage (D:15)
  8 two-headed ogres
  14 naga sharpshooters
  2 orc high priests
  8 shock serpents
  2 skeletal warriors (D:15)
  11 sea snakes
  2 salamander mystics (Snake:3)
  2 unseen horrors
  5 naga ritualists
  11 harpies
  9 orc knights
  A necromancer (D:15)
  Pikel (D:8)
  4 deep elf magi
  6 ugly things
  9 mana vipers
  An oklob plant (Lair:6)
  5 fauns
  A frost giant zombie (D:15)
  4 orc sorcerers
  9 manticores
  A stone giant zombie (D:15)
  3 cyclopes
  5 shining eyes
  8 salamanders
  4 merfolk sirens
  18 elephants
  3 centaur zombies
  2 guardian serpents
  An ice statue (IceCv)
  A stone giant skeleton (D:15)
  Maurice (D:8)
  26 black mambas
  3 gargoyles
  26 naga magi
  2 water nymphs
  A yaktaur (D:15)
  15 spiny frogs
  A spriggan zombie (D:15)
  A kobold demonologist (D:14)
  An efreet (D:14)
  6 komodo dragons
  7 rime drakes
  3 tengu conjurers
  4 wind drakes
  14 polar bears
  4 hornets
  11 trolls
  20 merfolk
  6 meliai
  Grinder (D:3)
  A harpy skeleton (D:15)
  7 hippogriffs
  10 blink frogs
  8 snapping turtles
  19 slime creatures
  A dream sheep (Lair:6)
  A spriggan (D:7)
  Sigmund (D:3)
  A shadow (Lab)
  2 redbacks (Lab)
  56 yaks
  5 water elementals
  9 wyverns
  4 basilisks
  The ghost of Fhqwhgads the Shield-Bearer, an amateur FoFi (Sewer)
  4 hungry ghosts
  4 steam dragons
  Menkaure (D:7)
  32 nagas
  4 vampire mosquitoes (D:12)
  A two-headed ogre zombie (D:10)
  2 wargs (Orc:2)
  2 acid dragons
  2 soldier ants
  11 water moccasins
  12 porcupines
  9 ice beasts
  3 black bears
  33 orc warriors
  9 sky beasts
  A black bear (shapeshifter) (D:15)
  3 phantoms
  13 ogres
  4 eyes of draining
  22 wolves
  26 centaurs
  21 crocodiles
  A big kobold (Sewer)
  21 bullfrogs
  2 gnoll sergeants
  8 scorpions
  2 wyvern skeletons
  A water moccasin skeleton (D:10)
  14 killer bees
  2 electric eels (D:12)
  16 wights
  A howler monkey (D:7)
  5 crimson imps
  8 hounds
  A quasit (D:7)
  4 bullfrog skeletons
  Crazy Yiuf (D:3)
  5 jellies
  12 orc priests
  18 orc wizards
  6 centaur skeletons
  3 iguanas
  12 worker ants
  7 ogre zombies (D:10)
  A hound zombie (D:6)
  An ogre skeleton (Lab)
  3 hound skeletons
  A worker ant zombie (D:5)
  13 gnolls
  16 adders
  4 river rats (Sewer)
  7 shadow imps
  An ooze (D:3)
  2 adder zombies (D:6)
  2 adder skeletons
  3 worms
  2 dart slugs (D:3)
  5 leopard geckos
  86 orcs
  2 bats
  8 giant cockroaches
  6 goblins
  4 hobgoblins
  9 jackals
  23 kobolds
  4 quokkas
  7 ball pythons
  3 frilled lizards
  2 goblin skeletons (D:10)
  4 goblin zombies (D:10)
  A hobgoblin skeleton (D:10)
  4 hobgoblin zombies (D:10)
  A leopard gecko skeleton (D:6)
  A leopard gecko zombie (D:8)
  14 orc zombies (D:10)
  A quokka skeleton (D:9)
  A quokka zombie (D:7)
  32 rats
  A fungus (D:15)
  5 tentacles
1180 creatures vanquished.

Vanquished Creatures (collateral kills)
  Kirke (Snake:2)
  An orc warlord (Orc:1)
  2 merfolk impalers
  A merfolk javelineer (Shoals:4)
  2 anacondas
  4 merfolk aquamancers
  3 merfolk avatars
  A two-headed ogre (Vaults:1)
  A vampire mage (D:14)
  A death yak (IceCv)
  A shock serpent (Snake:2)
  2 naga sharpshooters
  3 sea snakes
  An unseen horror (D:14)
  2 harpies (Shoals:3)
  An orc knight (D:15)
  4 manticores
  5 fauns
  An elephant (Lair:2)
  A black mamba (Lair:6)
  A water nymph (Shoals:1)
  5 naga magi
  2 polar bears (IceCv)
  7 merfolk
  4 wind drakes
  A hippogriff (D:10)
  2 slime creatures (D:13)
  2 snapping turtles (Shoals:4)
  2 water elementals
  A hog (Snake:2)
  A steam dragon (Shoals:1)
  7 nagas
  An ice beast (D:13)
  A phantom (D:10)
  A centaur (D:15)
  4 wolves (IceCv)
  A killer bee (D:10)
  2 orcs (D:13)
83 creatures vanquished.

Vanquished Creatures (others)
  Asterion (Snake:2)
  A naga mage (Snake:2)
  2 yaks
  3 humans (Snake:2)
  3 slaves (D:8)
  A wolf (IceCv)
  A bush (Lair:6)
  39 fungi
  52 plants
  11 tentacles
114 creatures vanquished.

Grand Total: 1377 creatures vanquished

Notes
Turn   | Place    | Note
-------+----------+-------------------------------------------
     0 | D:1      | terra52 the Gargoyle Earth Elementalist began the quest for the Orb.
     0 | D:1      | Reached XP level 1. HP: 10/10 MP: 3/3
   325 | D:1      | Reached XP level 2. HP: 13/15 MP: 5/5
  1052 | D:2      | Reached XP level 3. HP: 19/19 MP: 3/6
  1634 | D:3      | Found a blossoming altar of Fedhas.
  1655 | D:3      | Reached skill level 1 in Armour
  1655 | D:3      | Reached XP level 4. HP: 24/24 MP: 4/7
  1730 | D:3      | Noticed Grinder
  1740 | D:3      | Killed Grinder
  1740 | D:3      | Reached skill level 1 in Fighting
  1740 | D:3      | Reached skill level 5 in Earth Magic
  1740 | D:3      | Reached XP level 5. HP: 25/29 MP: 2/10
  1740 | D:3      | Reached XP level 6. HP: 29/34 MP: 2/11
  2235 | D:3      | Noticed Sigmund
  2246 | D:3      | Learned a level 3 spell: Stone Arrow
  2300 | D:3      | Killed Sigmund
  2300 | D:3      | Reached skill level 1 in Throwing
  2300 | D:3      | Reached skill level 1 in Conjurations
  2300 | D:3      | Reached XP level 7. HP: 25/38 MP: 5/12
  2449 | D:3      | Found a runed door.
  2455 | D:3      | Noticed Crazy Yiuf
  2463 | D:3      | Killed Crazy Yiuf
  2853 | D:3      | Noticed ninjaorigami's ghost (amateur TeAE)
  3105 | D:4      | Found a staircase to the Ecumenical Temple.
  3114 | Temple   | Entered the Ecumenical Temple
  3354 | D:4      | Reached XP level 8. HP: 44/44 MP: 8/15
  3484 | D:4      | Found a glowing silver altar of Zin.
  3485 | D:4      | Found an ancient bone altar of Kikubaaqudgha.
  3511 | D:4      | Found a sacrificial altar of Ru.
  3511 | D:4      | Found a sparkling altar of Nemelex Xobeh.
  3511 | D:4      | Found a snail-covered altar of Cheibriados.
  3782 | D:5      | Entered Level 5 of the Dungeon
  4205 | D:5      | Reached skill level 5 in Spellcasting
  4798 | D:6      | Reached XP level 9. HP: 38/49 MP: 12/17
  4799 | D:6      | Found a hazy altar of Hepliaklqana.
  4833 | D:6      | Found Ytsoa's Distillery.
  5126 | D:6      | Found a glowing drain.
  5158 | Sewer    | Entered a sewer
  5360 | Sewer    | Noticed Fhqwhgads's ghost (amateur FoFi)
  5559 | Sewer    | Killed Fhqwhgads's ghost
  6110 | D:6      | Reached skill level 5 in Armour
  6404 | D:6      | Found an opulent altar of Gozag.
  6588 | D:7      | Found Botif's Armour Emporium.
  6733 | D:7      | Noticed Menkaure
  6740 | D:7      | Killed Menkaure
  7323 | D:8      | Noticed an elephant
  7360 | D:8      | Reached XP level 10. HP: 56/56 MP: 20/20
  7542 | D:8      | Found an iron altar of Okawaru.
  7711 | D:8      | Killed an elephant
  8047 | D:8      | Noticed Maurice
  8060 | D:8      | Killed Maurice
  8085 | D:8      | Noticed Pikel
  8096 | D:9      | Found Toschu's Food Emporium.
  8135 | D:9      | Learned a level 5 spell: Lee's Rapid Deconstruction
  8140 | D:9      | Learned a level 4 spell: Petrify
  8143 | D:9      | Learned a level 2 spell: Passwall
  8233 | D:8      | Became a worshipper of Warmaster Okawaru
  8261 | D:8      | Killed Pikel
  8261 | D:8      | Reached skill level 5 in Dodging
  8463 | D:8      | Reached * piety under Okawaru
  8650 | D:8      | Learned a level 3 spell: Call Canine Familiar
  8729 | D:8      | Found a burning altar of Makhleb.
  8731 | D:8      | Found a staircase to the Lair.
  8775 | D:8      | Found a shimmering altar of Xom.
  8775 | D:8      | Found a shimmering altar of Xom.
  8775 | D:8      | Found a shimmering altar of Xom.
  8776 | D:8      | Found a shimmering altar of Xom.
  8776 | D:8      | Found a shimmering altar of Xom.
  8777 | D:8      | Found a shimmering altar of Xom.
  8777 | D:8      | Found a shimmering altar of Xom.
  8777 | D:8      | Found a shimmering altar of Xom.
  8777 | D:8      | Found a shimmering altar of Xom.
  8846 | D:8      | Reached skill level 1 in Transmutations
  8929 | Lair:1   | Entered Level 1 of the Lair of Beasts
  8964 | Lair:1   | Reached skill level 1 in Summonings
  8997 | Lair:1   | Reached skill level 10 in Earth Magic
  9008 | Lair:1   | Reached skill level 5 in Conjurations
  9013 | Lair:1   | Reached XP level 11. HP: 60/62 MP: 23/23
  9027 | Lair:1   | Reached ** piety under Okawaru
  9346 | Lair:1   | Noticed a five-headed hydra
  9354 | Lair:1   | Killed a five-headed hydra
  9898 | Lair:1   | Reached skill level 5 in Fighting
 10083 | Lair:1   | Reached *** piety under Okawaru
 10351 | Lair:2   | Found a staircase to the Shoals.
 10351 | Lair:2   | Noticed a manticore
 10383 | Lair:2   | Killed a manticore
 10670 | Lair:2   | Reached **** piety under Okawaru
 10907 | Lair:2   | Noticed a death yak
 10907 | Lair:2   | Noticed a death yak
 10907 | Lair:2   | Noticed a death yak
 11096 | D:9      | Received a gift from Okawaru
 11372 | D:9      | Reached XP level 12. HP: 68/68 MP: 15/25
 11429 | D:9      | Found a shadowy altar of Dithmenos.
 11581 | D:9      | Got a fine hand axe
 11582 | D:9      | Identified the cursed +1 hand axe of the Ship {chop, *Corrode *Drain rN+++ SInv} (You found it on level 9 of the Dungeon)
 11851 | D:10     | Entered Level 10 of the Dungeon
 11925 | D:9      | HP: 3/68 [something (6)]
 11928 | D:9      | Reached skill level 1 in Crossbows
 12002 | D:9      | Reached skill level 5 in Stealth
 12158 | D:10     | Reached skill level 5 in Summonings
 12178 | D:10     | Received a gift from Okawaru
 12427 | D:10     | Found a staircase to the Orcish Mines.
 12588 | D:10     | Noticed a two-headed ogre
 12594 | D:10     | Killed a two-headed ogre
 12862 | D:10     | Got a diamond-encrusted leather armour
 12889 | D:10     | Identified the +3 leather armour of Agoraphobia {+Blink} (You found it on level 10 of the Dungeon)
 13049 | D:10     | Reached ***** piety under Okawaru
 13746 | D:11     | Noticed a two-headed ogre
 13762 | D:11     | Killed a two-headed ogre
 13804 | D:11     | Noticed Erica
 13825 | D:11     | Killed Erica
 13860 | D:11     | Learned a level 3 spell: Ozocubu's Armour
 14038 | D:11     | Identified Yjoc's Rites and Rhymes for Novices
 14252 | D:11     | Received a gift from Okawaru
 14379 | D:11     | Reached skill level 1 in Charms
 14422 | D:11     | Noticed Fannar
 14475 | D:12     | Found a flagged portal.
 14478 | D:12     | Reached skill level 1 in Ice Magic
 14537 | Bailey   | Entered a bailey
 14605 | Bailey   | Reached XP level 13. HP: 67/76 MP: 3/26
 14623 | Bailey   | Received a gift from Okawaru
 14810 | Bailey   | Reached skill level 1 in Evocations
 15050 | D:12     | Found a sacrificial altar of Ru.
 15433 | D:12     | Received a gift from Okawaru
 15441 | D:12     | Reached skill level 1 in Long Blades
 15716 | D:12     | Received a gift from Okawaru
 16240 | D:12     | Learned a level 4 spell: Summon Ice Beast
 16516 | Orc:1    | Entered Level 1 of the Orcish Mines
 16975 | Orc:1    | Found a roughly hewn altar of Beogh.
 17018 | Orc:1    | Found Yderock's Magic Scroll Boutique.
 17038 | Orc:1    | Bought a scroll of identify for 30 gold pieces
 17038 | Orc:1    | Bought a scroll of identify for 30 gold pieces
 17038 | Orc:1    | Bought a scroll of teleportation for 45 gold pieces
 17189 | D:6      | Bought a potion of mutation for 35 gold pieces
 17189 | D:6      | Bought a potion of agility for 56 gold pieces
 17189 | D:6      | Gained mutation: Armour fits poorly on your strangely shaped body. [potion of mutation]
 17189 | D:6      | Gained mutation: You are dopey. (Int -2) [potion of mutation]
 17189 | D:6      | Gained mutation: You passively map a small area around you. [potion of mutation]
 17190 | D:6      | Gained mutation: You are robust. (+10% HP) [potion of mutation]
 17190 | D:6      | Gained mutation: You have large cloven feet. [potion of mutation]
 17190 | D:6      | Gained mutation: Your body sometimes deteriorates upon taking damage. [potion of mutation]
 17191 | D:6      | Gained mutation: You tend to lose your temper in combat. [potion of mutation]
 17191 | D:6      | Gained mutation: You occasionally shout uncontrollably at your foes. [potion of mutation]
 17191 | D:6      | Gained mutation: Your magical capacity is low. (-10% MP) [potion of mutation]
 17192 | D:6      | Lost mutation: You are dopey. (Int -2) [potion of cure mutation]
 17192 | D:6      | Lost mutation: You are robust. (+10% HP) [potion of cure mutation]
 17192 | D:6      | Lost mutation: You occasionally shout uncontrollably at your foes. [potion of cure mutation]
 17193 | D:6      | Lost mutation: Your magical capacity is low. (-10% MP) [potion of cure mutation]
 17193 | D:6      | Lost mutation: Armour fits poorly on your strangely shaped body. [potion of cure mutation]
 17193 | D:6      | Lost mutation: Your body sometimes deteriorates upon taking damage. [potion of cure mutation]
 17193 | D:6      | Lost mutation: You passively map a small area around you. [potion of cure mutation]
 17193 | D:6      | Lost mutation: You tend to lose your temper in combat. [potion of cure mutation]
 17607 | Orc:2    | Entered Level 2 of the Orcish Mines
 17830 | Orc:2    | Noticed an orc warlord
 18051 | D:11     | Reached skill level 10 in Spellcasting
 18403 | D:13     | Found a frozen archway.
 18491 | IceCv    | Entered an ice cave
 18809 | IceCv    | Got a fine glass ring
 18811 | IceCv    | Identified the ring "Tocw" {rElec rC+ MR- Int+4} (You found it in an ice cave)
 19126 | IceCv    | Reached ****** piety under Okawaru
 19126 | IceCv    | Gained mutation: Your large and strong wings let you fly indefinitely. [Gargoyle growth]
 19126 | IceCv    | Reached XP level 14. HP: 78/82 MP: 28/28
 19179 | IceCv    | Received a gift from Okawaru
 19205 | IceCv    | Reached skill level 5 in Long Blades
 19328 | IceCv    | Noticed a frost giant
 19352 | IceCv    | Killed a frost giant
 20639 | D:10     | Received a gift from Okawaru
 20642 | D:10     | Got a steaming bardiche {god gift}
 20643 | D:10     | Identified the +5 bardiche of Epliun {venom, rN+ Dex-2 Stlth+} (Okawaru gifted it to you on level 10 of the Dungeon)
 21641 | Lair:3   | Received a gift from Okawaru
 21844 | Lair:3   | Noticed Harold
 21919 | Lair:3   | Killed Harold
 21929 | Lair:3   | Found a staircase to the Snake Pit.
 21933 | Lair:3   | Noticed Nublet's ghost (journeyman BaSu)
 21993 | Lair:3   | Killed Nublet's ghost
 22498 | Lair:3   | Reached skill level 5 in Ice Magic
 22860 | Lair:4   | Reached skill level 1 in Invocations
 23652 | Lair:5   | Noticed Snorg
 23668 | Lair:5   | Killed Snorg
 23835 | Lair:5   | Found a viscous altar of Jiyva.
 23836 | Lair:5   | Found a staircase to the Slime Pits.
 24429 | Lair:6   | Entered Level 6 of the Lair of Beasts
 24457 | Lair:6   | Reached XP level 15. HP: 88/88 MP: 25/29
 24582 | Lair:5   | Received a gift from Okawaru
 25456 | Lair:6   | Reached skill level 5 in Invocations
 25511 | Lair:6   | Got a bloodstained hunting sling
 25512 | Lair:6   | Identified the +8 hunting sling of Arbitration {venom, rC+ MR+ Dex-4} (You found it on level 6 of the Lair of Beasts)
 26329 | Shoals:1 | Entered Level 1 of the Shoals
 26996 | D:11     | Killed Fannar
 27291 | Snake:1  | Entered Level 1 of the Snake Pit
 27504 | D:11     | Learned a level 4 spell: Throw Icicle
 27723 | Snake:1  | Identified a scroll of acquirement
 27763 | Snake:1  | Received a gift from Okawaru
 27766 | Snake:1  | Got an ichor-stained fustibalus {god gift}
 27767 | Snake:1  | Identified the +8 fustibalus "Difyum" {flame, rC+} (Okawaru gifted it to you on level 1 of the Snake Pit)
 27943 | Snake:1  | Reached skill level 10 in Long Blades
 28212 | Lair:2   | Reached XP level 16. HP: 96/96 MP: 31/31
 29059 | Orc:2    | Noticed Rupert
 29077 | Orc:2    | Paralysed by an orc sorcerer for 6 turns
 29194 | Orc:1    | Learned a level 4 spell: Summon Lightning Spire
 29307 | Orc:2    | Received a gift from Okawaru
 29331 | Orc:2    | Reached skill level 1 in Slings
 29361 | Orc:2    | Paralysed by an orc sorcerer for 5 turns
 29460 | D:7      | Bought a +2 leather armour of magic resistance for 266 gold pieces
 29762 | Orc:1    | Received a gift from Okawaru
 29788 | Orc:2    | Killed Rupert
 30019 | Orc:2    | Found Patiofue's Antique Armour Boutique.
 30027 | Orc:2    | Bought a smoking cloak for 275 gold pieces
 30037 | Orc:2    | Identified the +0 cloak "Fioqav" {+Inv rC+ Str+3 Dex-2} (You bought it in a shop on level 2 of the Orcish Mines)
 30037 | Orc:2    | Bought a glowing hat for 290 gold pieces
 30260 | Orc:2    | Found Kearheot's Antique Weapon Emporium.
 30267 | Orc:2    | Found a staircase to the Elven Halls.
 30269 | Orc:2    | Bought a scorched rapier for 189 gold pieces
 30269 | Orc:2    | Identified the +6 rapier "Irea" {pierce, *Slow MR++} (You bought it in a shop on level 2 of the Orcish Mines)
 30408 | Orc:2    | Found Ruofextese's Jewellery Shoppe.
 30464 | Orc:2    | Found Jaanoh's General Store.
 30667 | Orc:2    | Bought a shimmering robe for 165 gold pieces
 30667 | Orc:2    | Bought a glowing buckler for 304 gold pieces
 30688 | Orc:2    | Identified the +1 robe of the Commoners {rF++ rN+ Dex-5 Stlth+} (You bought it in a shop on level 2 of the Orcish Mines)
 30753 | Elf:1    | Entered Level 1 of the Elven Halls
 31381 | D:13     | Found a gate to the Vaults.
 31520 | D:14     | Found a labyrinth entrance.
 31525 | Lab      | Entered a labyrinth
 31834 | Lab      | Identified Josa Sekeler's Reference Book on Glamour and Evil Magic
 31926 | D:14     | Learned a level 4 spell: Animate Dead
 32817 | D:14     | Reached skill level 1 in Axes
 32861 | D:15     | Entered Level 15 of the Dungeon
 33043 | D:15     | Reached skill level 1 in Necromancy
 33052 | D:15     | Found a staircase to the Depths.
 33141 | D:15     | Received a gift from Okawaru
 33295 | D:15     | Reached skill level 10 in Fighting
 33886 | D:15     | Found Gaiz Aru's Food Boutique.
 34279 | Shoals:1 | Reached XP level 17. HP: 92/102 MP: 24/32
 34602 | Shoals:1 | Gained mutation: You have a pair of small horns on your head. [potion of beneficial mutation]
 35600 | Shoals:2 | Noticed Polyphemus
 35646 | Shoals:2 | Killed Polyphemus
 35662 | Shoals:2 | Reached skill level 5 in Axes
 35828 | Shoals:2 | Received a gift from Okawaru
 35880 | Shoals:2 | Noticed a kraken
 35890 | Shoals:2 | Killed a kraken
 35905 | Shoals:2 | Found Kahyza Zimi's Armour Shop.
 35913 | Shoals:2 | Bought a +0 pair of gloves of archery for 241 gold pieces
 36064 | Shoals:2 | Noticed Shayle's ghost (adept GrGl)
 36123 | Shoals:2 | Killed Shayle's ghost
 36506 | Shoals:3 | Received a gift from Okawaru
 36813 | Shoals:3 | Noticed Jorgrun
 36827 | Shoals:3 | Killed Jorgrun
 37478 | Shoals:4 | Entered Level 4 of the Shoals
 37979 | Shoals:4 | Noticed a kraken
 38129 | Shoals:4 | Killed a kraken
 38129 | Shoals:4 | Received a gift from Okawaru
 38152 | Shoals:4 | Got a barnacled rune of Zot
 38228 | Shoals:4 | Reached XP level 18. HP: 106/108 MP: 30/34
 38247 | Shoals:4 | Noticed Ilsuiw
 38395 | Shoals:4 | Identified Sif Muna's Handbook of Dark Secrets and Lightness
 38693 | Snake:1  | Reached skill level 1 in Maces & Flails
 38786 | Snake:1  | Found Jizaiquri's Antique Weapon Shop.
 38789 | Snake:1  | Bought a bloodstained falchion for 320 gold pieces
 38789 | Snake:1  | Bought a crude morningstar for 360 gold pieces
 38789 | Snake:1  | Bought a translucent rapier for 360 gold pieces
 38789 | Snake:1  | Bought a shimmering great mace for 460 gold pieces
 38812 | Snake:1  | Learned a level 5 spell: Dispel Undead
 38819 | Snake:1  | Learned a level 6 spell: Freezing Cloud
 38823 | Snake:1  | Identified the +6 falchion of a Million Yaks {flame, rC+} (You bought it in a shop on level 1 of the Snake Pit)
 38835 | Snake:1  | Identified the +7 morningstar "Ularauck" {crush, MR+ Int+4 Dex+5} (You bought it in a shop on level 1 of the Snake Pit)
 38844 | Snake:1  | Identified the +9 great mace of the Warrior {crush, *Corrode rC+ MR+ Str+9} (You bought it in a shop on level 1 of the Snake Pit)
 38850 | Snake:1  | Identified the +7 rapier of Moganyg {drain, rElec Int+3 Dex+4 Stlth-} (You bought it in a shop on level 1 of the Snake Pit)
 38968 | Snake:1  | Reached skill level 1 in Air Magic
 39009 | Snake:2  | Received a gift from Okawaru
 39230 | Snake:2  | Found Beucwato's Gadget Shoppe.
 39232 | Snake:2  | Found Cupnac's Gadget Emporium.
 39234 | Snake:2  | Found Inevvyca's Armour Shoppe.
 39254 | Snake:2  | Bought a fan of gales for 760 gold pieces
 39293 | Snake:2  | Noticed Kirke
 39299 | Snake:2  | Killed Kirke
 39419 | Snake:2  | Identified the Almanac of Enhancements and Dark Rituals
 39976 | Snake:3  | Noticed Asterion
 40171 | Snake:2  | Killed Asterion
 40342 | Snake:3  | Received a gift from Okawaru
 40362 | Snake:3  | Got a faintly glowing glaive
 40363 | Snake:3  | Identified the +8 glaive "Mefeocur" {freeze, Dex+2} (You found it on level 3 of the Snake Pit)
 40729 | Snake:3  | Received a gift from Okawaru
 41135 | Snake:4  | Entered Level 4 of the Snake Pit
 41256 | Snake:4  | Reached skill level 5 in Air Magic
 41583 | Snake:4  | Found Wiupp's General Store.
 41595 | Snake:4  | Bought a +1 pair of gloves of dexterity for 264 gold pieces
 41768 | Snake:4  | Received a gift from Okawaru
 41790 | Snake:4  | Reached skill level 10 in Ice Magic
 41798 | Snake:4  | Received a gift from Okawaru
 41803 | Snake:4  | Reached XP level 19. HP: 59/113 MP: 9/35
 42637 | Snake:4  | Got a serpentine rune of Zot
 43193 | Depths:1 | Entered Level 1 of the Depths
 43264 | Vaults:1 | Entered Level 1 of the Vaults
 43968 | Slime:1  | Entered Level 1 of the Pits of Slime
 43980 | Slime:1  | Gained mutation: You are dopey. (Int -2) [a shining eye]
 44003 | Slime:1  | Gained mutation: You are occasionally teleported next to monsters. [a shining eye]
 44170 | Slime:1  | Lost mutation: You are dopey. (Int -2) [a shining eye]
 44173 | Slime:1  | Gained mutation: Scrolls take you a little longer to read. [a shining eye]
 44174 | Slime:1  | Gained mutation: You are surrounded by a mild repulsion field. (EV +2) [a shining eye]
 44311 | Slime:1  | Gained mutation: You regenerate slowly when monsters are visible. [a shining eye]
 44395 | Slime:2  | HP: 4/113 [acid blob (13)]
 44396 | Slime:2  | HP: 1/113 [acid (1)]
 44396 | Slime:2  | Splashed by an acid blob's acid

Vault maps used:
D:1:      dpeg_arrival_rooms_a
D:3:      fedhas_altar_1, uniq_grinder, uniq_crazy_yiuf_cottage, uniq_sigmund
D:4:      gammafunk_temple_overflow_forgotten,
          chequers_temple_overflow_statue_of_worship
D:5:      first_bread, kennysheep_generic_room_14
D:6:      nicolae_overflow_crystal_walls, grunt_gozag_breadcrumbs, serial_shops,
          shop_fountains, gup_sewer_entry_glass
D:7:      serial_shops, nicolae_shop_behind_doors, uniq_menkaure
D:8:      xom_redecorated, kennysheep_mini_moat, nicolae_overflow_hidden_temple,
          david_lair_generic, the_bakery, grunt_ministairs_11, uniq_pikel,
          uniq_maurice
D:9:      lemuel_doored_altar, serial_shops, shop_statue
D:10:     zombieorc2_lemuel
D:11:     uniq_fannar, uniq_erica
D:12:     serial_bayou, serial_bayou_pond_d, serial_bayou_crossing,
          serial_bayou_pond_a, serial_bayou_pond_d, serial_bayou_shore_a,
          enter_bailey_2, nicolae_ru_sacrificial_ziggurat
D:13:     david_vaults_5, portal_ice_cave_entry_ice_beasts
D:14:     hangedman_decor_peaks_small, lab_entry_generic
D:15:     gammafunk_depths_entry_grave, serial_shops, shop, dk_noncrumbling_4,
          minmay_gold_behind_fungi, minmay_misc_feat_enclosed,
          fake_guardian_serpent_vault
Temple:   pf_slime_end_temple
Lair:2:   minmay_shoals_entry_beasts, infiniplex_staircase_pool
Lair:3:   dummy_snake_entry, grunt_megastairs_5, uniq_harold
Lair:5:   slime_altar_1, uniq_snorg
Lair:6:   gammafunk_lair_ancient_temple, hangedman_lair_generics_rect,
          minmay_lair_oklob_chamber
Shoals:1: nicolae_shoals_drake_roost
Shoals:2: serial_shops, nicolae_shop_stone, nicolae_shoals_kraken_intersection,
          uniq_polyphemus
Shoals:3: nicolae_shoals_so_close, uniq_jorgrun
Shoals:4: shoals_end_hangedman, shoals_ilsuiw_ice
Snake:1:  serial_shops, nicolae_shop_behind_doors, lemuel_fruit_tree
Snake:2:  corexii_hall_statues_i, st_stairs_10, minmay_shop_star, uniq_kirke,
          uniq_aizul
Snake:3:  uniq_asterion
Snake:4:  snake_pit, serial_shops, shop_statue
Orc:1:    serial_shops, shop, kennysheep_orc_chapel
Orc:2:    grunt_orc_gardens, grunt_orc_garden, grunt_orc_garden,
          grunt_orc_garden, grunt_orc_garden, uniq_rupert
Elf:1:    elf_arrival_002, enter_trove_5, serial_shops,
          nicolae_shop_statue_plus, minmay_elf_crystal_heptagon,
          solitary_fountain
Vaults:1: hangedman_vaults_corner_blocks, ontoclasm_vaults_water_temple,
          nicolae_vaults_network_quincunx, v_misc_23, ontoclasm_vaults_fault,
          v_misc_24, nicolae_vaults_yaktaur_gun_rack, nicolae_vaults_asterisk,
          vaults_mumra_hex, vaults_room_hallway, nicolae_vaults_alarming
Depths:1: hell_entry, serial_shops, nicolae_shop_trees, st_stairs_12,
          chequers_big_river, kennysheep_opposing_triangles, minmay_shop_grove,
          uniq_mara
Lab:      nicolae_lab_big_swirl, nicolae_lab_lava, nicolae_lab_hexagon,
          lab_statue, labyrinth_fake_exit, nicolae_lab_very_dead_end,
          nicolae_lab_grate, lab_fountain, nicolae_lab_t_cross
Sewer:    sewer_minmay_treatment
Bailey:   bailey_polearm_4, bailey
IceCv:    ice_cave_caverns_02

Skill      XL: |  1  2  3  4  5  6  7  8  9 10 11 12 13 14 15 16 17 18 19 |
---------------+----------------------------------------------------------+-----
Earth Magic    | 4 5 6 7 8 10 11 12 | 12.9
Dodging        | 2 3 4 5 6 7 8 9 |  9.2
Armour         | 1 2 3 4 5 6 7 |  7.7
Fighting       | 1 2 3 4 5 6 7 8 9 10 | 10.7
Spellcasting   | 3 4 5 7 8 9 10 11 12 | 12.1
Throwing       | 1 2 |  2.0
Conjurations   | 1 2 3 4 5 6 7 8 9 |  9.3
Stealth        | 3 4 6 7 8 |  8.8
Transmutations | 1 2 |  2.1
Summonings     | 1 4 6 7 |  7.8
Crossbows      | 1 2 |  2.2
Charms         | 1 3 4 |  4.6
Ice Magic      | 1 4 5 6 10 11 | 11.0
Evocations     | 1 2 |  2.2
Long Blades    | 4 7 10 | 10.9
Invocations    | 3 5 |  5.5
Slings         | 2 3 |  3.1
Axes           | 3 7 |  7.6
Necromancy     | 2 4 |  4.1
Maces & Flails | 1 |  1.1
Air Magic      | 6 8 |  8.0

Action                   |  1- 3 |  4- 6 |  7- 9 | 10-12 | 13-15 | 16-18 | 19-21 || total
-------------------------+-------+-------+-------+-------+-------+-------+-------++-------
Melee: Dagger            |    99 |    52 |       |    56 |       |       |       ||   207
       Club              |     7 |       |       |       |       |       |       ||     7
       Unarmed           |     1 |       |       |       |       |       |       ||     1
       Quarterstaff      |       |       |   306 |   625 |     1 |       |       ||   932
       Scimitar          |       |       |       |   103 |    10 |       |       ||   113
       Hand axe          |       |       |       |     5 |       |       |       ||     5
       Great sword       |       |       |       |       |   973 |   339 |       ||  1312
       Kick              |       |       |       |       |    11 |       |       ||    11
       Executioner's axe |       |       |       |       |       |   735 |    60 ||   795
       Rapier            |       |       |       |       |       |    37 |       ||    37
       Headbutt          |       |       |       |       |       |   100 |    10 ||   110
       Maul              |       |       |       |       |       |    49 |    15 ||    64
 Fire: Blowgun           |       |    12 |     4 |       |       |       |       ||    16
       Hand crossbow     |       |       |       |    22 |       |       |       ||    22
       Arbalest          |       |       |       |       |    57 |       |       ||    57
       Hunting sling     |       |       |       |       |    33 |       |       ||    33
       Fustibalus        |       |       |       |       |     8 |    71 |    70 ||   149
Throw: Stone             |       |     1 |       |       |     4 |     7 |       ||    12
       Tomahawk          |       |       |       |       |     8 |       |       ||     8
 Cast: Sandblast         |    14 |    24 |   101 |    25 |    16 |     7 |       ||   187
       Stone Arrow       |       |       |    31 |   200 |   257 |    95 |     4 ||   587
       Passwall          |       |       |       |     4 |     4 |     1 |       ||     9
       Call Canine Famil |       |       |       |     3 |     3 |    12 |     1 ||    19
       Lee's Rapid Decon |       |       |       |     2 |       |     2 |     1 ||     5
       Ozocubu's Armour  |       |       |       |     1 |    70 |    60 |     4 ||   135
       Summon Ice Beast  |       |       |       |       |    52 |    40 |     3 ||    95
       Petrify           |       |       |       |       |     2 |    56 |     5 ||    63
       Throw Icicle      |       |       |       |       |     5 |     7 |       ||    12
       Summon Lightning  |       |       |       |       |       |     5 |       ||     5
       Animate Dead      |       |       |       |       |       |    36 |     5 ||    41
       Freezing Cloud    |       |       |       |       |       |     3 |     1 ||     4
Invok: Heroism           |       |       |       |     1 |     7 |     5 |     3 ||    16
       Finesse           |       |       |       |       |     1 |       |     1 ||     2
 Abil: Evoke Blink       |       |       |       |     1 |     7 |       |       ||     8
       Fly               |       |       |       |       |     1 |       |       ||     1
Evoke: Wand              |       |       |     5 |    12 |     2 |     2 |       ||    21
       Lightning rod     |       |       |       |     1 |     7 |     8 |       ||    16
       Lamp of fire      |       |       |       |       |     2 |     2 |       ||     4
       Box of beasts     |       |       |       |       |       |     1 |       ||     1
       Fan of gales      |       |       |       |       |       |     1 |       ||     1
  Use: Scroll            |       |     5 |     5 |    13 |    23 |    14 |     1 ||    61
       Potion            |       |     1 |     1 |     2 |    10 |     8 |     2 ||    24
 Stab: Sleeping          |       |       |     8 |     2 |     9 |    10 |     1 ||    30
       Petrified         |       |       |       |    16 |     2 |    89 |       ||   107
       Paralysed         |       |       |       |    10 |       |       |       ||    10
       Confused          |       |       |       |     1 |       |       |       ||     1
       Distracted        |       |       |       |     2 |     5 |     5 |       ||    12
       Petrifying        |       |       |       |       |       |     7 |       ||     7
       Invisible         |       |       |       |       |       |     1 |       ||     1
  Eat: Chunk             |     3 |     1 |    16 |    27 |    45 |    32 |       ||   124
       Beef jerky        |       |       |     1 |       |     1 |     1 |     2 ||     5
       Pizza             |       |       |     1 |       |       |     2 |       ||     3
       Fruit             |       |       |       |       |     3 |     6 |     6 ||    15
       Meat ration       |       |       |       |       |       |     1 |       ||     1
       Royal jelly       |       |       |       |       |       |     1 |       ||     1
Armor: Ring mail         |    50 |    20 |   216 |   169 |       |       |       ||   455
       Robe              |     1 |       |       |       |       |       |       ||     1
       Troll leather arm |       |       |       |   105 |   445 |   914 |    98 ||  1562
       Leather armour    |       |       |       |   100 |   388 |    20 |       ||   508
Dodge: Dodged            |    77 |    58 |   319 |   924 |  1615 |  1735 |   123 ||  4851
       Rpst.: Scimitar   |       |       |       |    28 |     2 |       |       ||    30
       Great sword       |       |       |       |       |   386 |    91 |       ||   477
